 Dungeon Crawl Stone Soup version 0.23.2-40-g277498a001 (webtiles) character file.

Game seed: 7211458620105301076

30 Exodus22XD the Slasher (level 3, -1/27 HPs)
             Began as a Demonspawn Gladiator on Sept 6, 2019.
             Slain by a goblin
             ... wielding a +0 dagger
             ... led by Robin
              (6 damage)
             ... on level 2 of the Dungeon.
             The game lasted 00:01:52 (684 turns).

Exodus22XD the Slasher (Demonspawn Gladiator)        Turns: 684, Time: 00:01:52

Health: -1/27      AC:  3    Str: 15    XL:     3   Next: 3%
Magic:  3/3        EV: 13    Int:  9    God:
Gold:   64         SH:  0    Dex: 14    Spells: 2/2 levels left

rFire    . . .     SeeInvis .   a - +0 long sword
rCold    . . .     Gourm    .   (no shield)
rNeg     . . .     Faith    .   b - +0 leather armour
rPois    .         Spirit   .   (helmet restricted)
rElec    .         Reflect  .   (no cloak)
rCorr    .         Harm     .   (no gloves)
MR       .....     Rnd*Tele +   (no boots)
Stlth    ++........             (no amulet)
HPRegen  0.09/turn              h - ring of teleportation (curse)
MPRegen  0.08/turn              (no ring)

@: no status effects
A: antennae 1, nightstalker 1
a: no special abilities


You were on level 2 of the Dungeon.
You were not hungry.

You visited 1 branch of the dungeon, and saw 2 of its levels.

You collected 64 gold pieces.

Inventory:

Hand Weapons
 a - a +0 long sword (weapon)
 m - a +0 dagger
Missiles
 d - 3 throwing nets (quivered)
Armour
 b - a +0 leather armour (worn)
Jewellery
 h - a cursed ring of teleportation (left hand)
Scrolls
 e - a scroll of enchant armour {unknown}
 g - a scroll of fear {unknown}
 n - a scroll of identify {unknown}
 p - a scroll of magic mapping {unknown}
 q - a scroll of immolation {unknown}
 r - a scroll of random uselessness {unknown}
Potions
 c - a potion of heal wounds {unknown}
 i - 2 potions of mutation {unknown}
 k - a potion of degeneration {unknown}
 l - a potion of lignification {unknown}
 o - a potion of agility {unknown}
Comestibles
 f - 4 rations
 j - 7 chunks of flesh


   Skills:
 + Level 2.1 Fighting
 + Level 3.1 Long Blades
 - Level 1.9 Throwing
 * Level 0.4 Armour
 + Level 3.1 Dodging
 * Level 0.2 Stealth


You had 2 spell levels left.
You didn't know any spells.
Your spell library was empty.

Dungeon Overview and Level Annotations

Branches:
Dungeon (2/15)

Altars:

Annotations:
D:2 Robin


Innate Abilities, Weirdness & Mutations

You have a pair of small antennae on your head.
You are slightly more attuned to the shadows.


Message History

Robin laughs in a distinctly smug fashion.
You are too injured to fight recklessly!
You are too injured to fight recklessly!
The hobgoblin throws a stone.
The stone hits you. The goblin hits you.
You see here a stone.
The goblin no longer looks unusually strong.
The hobgoblin throws a stone.
The stone hits you but does no damage.
You see here a stone.
The hobgoblin no longer looks unusually strong.
The goblin no longer looks unusually strong. x2
The goblin hits you with a +0 club.
* * * LOW HITPOINT WARNING * * *
The goblin no longer looks unusually strong.
Robin roars a battlecry!
The goblins go into a battle-frenzy!
You hit the goblin.
The goblin is moderately wounded.
The hobgoblin no longer looks unusually strong.
The goblin barely misses you. The goblin hits you with a +0 dagger.
You die...

.......b......รท)[....(.###.......
.......#####....)##b.....#.......
##.....# #.....#...............
#....... #.....#...([..........
#....... #.....#.......(.).....
#.....#...(...........
#######g..............
###gg...(.........
#@ggg.......#####. #g#########.#
.... #.# #.##.## # #.# #.# #.#


You could see Robin, 2 hobgoblins and 3 goblins.

Vanquished Creatures
  2 dart slugs (D:1)
  3 giant cockroaches (D:1)
  2 hobgoblins (D:1)
  A ball python (D:2)
  2 bats
  A frilled lizard (D:1)
  9 goblins
  2 kobolds (D:1)
  3 rats (D:1)
25 creatures vanquished.

Notes
Turn   | Place    | Note
-------+----------+-------------------------------------------
     0 | D:1      | Exodus22XD the Demonspawn Gladiator began the quest for the
                  | Orb.
     0 | D:1      | Reached XP level 1. HP: 16/16 MP: 1/1
   261 | D:1      | Gained mutation: You are slightly more attuned to the
                  | shadows. [demonic ancestry]
   261 | D:1      | Reached XP level 2. HP: 16/22 MP: 2/2
   618 | D:2      | Noticed Robin
   643 | D:2      | Gained mutation: You have a pair of small antennae on your
                  | head. [demonic ancestry]
   643 | D:2      | Reached XP level 3. HP: 18/27 MP: 3/3
   684 | D:2      | Slain by a goblin

Skill      XL: |  1  2 |
---------------+-------+-----
Dodging        | 3 |  3.1
Long Blades    | 3 |  3.1
Fighting       | |  2.1
Throwing       | |  1.9
Armour         | |  0.4
Stealth        | |  0.2

Action                   || total
-------------------------++-------
Melee: Long sword        ||    54
 Stab: Sleeping          ||     3
Armor: Leather armour    ||    22
Dodge: Dodged            ||    55
       Rpst.: Long sword ||    11
